 Dungeon Crawl Stone Soup version 0.31-a0-37-g98a128e1d9 (webtiles) character file.

Game seed: 7897834340784018394

4 Shaq the Trooper (level 1, -2/14 HPs)
             Began as a Gargoyle Berserker on May 14, 2023.
             Was a Follower of Trog.
             Slain by a hobgoblin (4 damage)
             ... on level 1 of the Dungeon.
             The game lasted 00:00:16 (53 turns).

Shaq the Trooper (Gargoyle Berserker)                 Turns: 53, Time: 00:00:17

Health: -2/14      AC:  4    Str: 20    XL:     1   Next: 70%
Magic:  1/1        EV: 11    Int:  7    God:    Trog [*.....]
Gold:   10         SH:  0    Dex:  9    Spells: 0/0 levels left

rFire   . . .        a - +0 mace
rCold   . . .        (no shield)
rNeg    + . .        b - +0 animal skin
rPois   ∞            (no helmet)
rElec   +            (no cloak)
rCorr   .            (no gloves)
SInv    .            (no boots)
Will    .....        (no amulet)
Stlth   +            (no ring)
HPRegen 0.22/turn    (no ring)
MPRegen 0.07/turn

%: no passive effects
@: no status effects
A: sickness immunity, AC +2, negative energy resistance 1, electricity
resistance, torment resistance 1, petrification resistance
a: Renounce Religion, Berserk


You were on level 1 of the Dungeon.
You worshipped Trog.
Trog was aware of your devotion.
You visited 1 branch of the dungeon, and saw 1 of its levels.

You collected 10 gold pieces.

Inventory:

Hand Weapons
 a - a +0 mace (weapon)
Armour
 b - a +0 animal skin (worn)


   Skills:
 + Level 3.4 Fighting
 + Level 3.1 Maces & Flails
 + Level 2.2 Armour
 + Level 1.6 Dodging


You couldn't memorise any spells.
You didn't know any spells.
Your spell library was empty.

Dungeon Overview and Level Annotations

Branches:
Dungeon (1/15)

Altars:


Innate Abilities, Weirdness & Mutations

You are immune to sickness and miasma.
Your stone body is resilient. (AC +2)
You are immune to poison.
You resist negative energy. (rN+)
You are resistant to electric shocks. (rElec)
You are resistant to unholy torment.
You are immune to petrification.


Message History

You kill the ball python!
Trog accepts your kill.
A goblin comes into view. It is wielding a +0 dagger.
Found a scroll labelled ECVUTOTWAE.
A hobgoblin comes into view.
You see here a ball python corpse.
The goblin misses you.
You see here a ball python corpse.
You thump the hobgoblin!
You kill the hobgoblin!
Trog accepts your kill. The goblin misses you. The goblin misses you.
You see here a hobgoblin corpse.
The goblin hits you but does no damage. The hobgoblin closely misses you.
The goblin completely misses you. The hobgoblin closely misses you.
The goblin barely misses you. The hobgoblin misses you.
The goblin hits you but does no damage. The hobgoblin barely misses you.
The goblin closely misses you.
You sock the goblin!
You kill the goblin!
Trog accepts your kill. The goblin barely misses you. The hobgoblin misses you.
The goblin hits you with a +0 dagger.
You see here a +0 dagger.
The goblin hits you but does no damage. The hobgoblin barely misses you.
The goblin closely misses you.
You see here a ball python corpse.
You barely miss the goblin.
The hobgoblin hits you but does no damage.
The goblin closely misses you. The goblin hits you but does no damage.
The hobgoblin hits you.
You hit the goblin.
The goblin is moderately wounded.
The goblin hits you with a +0 dagger. The hobgoblin hits you.
* * * LOW HITPOINT WARNING * * *
The goblin hits you with a +0 dagger.
* * * LOW HITPOINT WARNING * * *
The hobgoblin hits you.
You die...

.........# #..##..
.........##..##...
............##..#
...........##..#
..........##..# #
.....$...##..# ##
#...........# ..
#. ##.....#gg.##
#.## #.
##.####@†..## #..
#. # #.##..##
#..#. ##
...###..###.##. #
....## ##..##..#.
## ....#.
##..#.#..###.
......
##...#..##..
...... ##..##.#...
?. ... ##.......#
#..##..##


You could see a hobgoblin and a goblin.

Vanquished Creatures
  A giant cockroach (D:1)
  A goblin (D:1)
  A hobgoblin (D:1)
  A ball python (D:1)
4 creatures vanquished.

Notes
Turn   | Place    | Note
-------+----------+-------------------------------------------
     0 | D:1      | Shaq the Gargoyle Berserker began the quest for the Orb.
     0 | D:1      | Reached XP level 1. HP: 14/14 MP: 1/1
    53 | D:1      | Slain by a hobgoblin

Illustrated notes

Levels and vault maps discovered:
D:1:      dpeg_chamrin_arrival_tetris, layout_rooms, chequers_jeans

Action                     || total
---------------------------++-------
  Melee: Mace              ||     9
 Armour: Animal skin       ||     7
  Dodge: Dodged            ||    24

Table legend: (Time is in decaauts)
 A = Elapsed time spent in this place.
 B = Non-inter-level travel time spent in this place.
 C = Inter-level travel time spent in this place.
 D = Time resting spent in this place.
 E = Time spent auto-exploring this place.
 F = Levels seen in this place.
 G = Mean time per level.
                   A        B        C        D        E       F      G
               +--------+--------+--------+--------+--------+-----+--------+
         Total |     55 |     42 |     13 |      0 |      0 |   1 |   55.0 |
       Dungeon |     55 |     42 |     13 |      0 |      0 |   1 |   55.0 |
               +--------+--------+--------+--------+--------+-----+--------+

Top non-repeatable levels by time:
     D:1: 55 daAuts
